Map: Oceanborn LE

Players

Kelazhur

  • Race: Terran Terran
  • League: Master
  • Spawn Location: 11:00

ShoWTimE - Winner!

  • Race: Protoss Protoss
  • League: Master
  • Spawn Location: 5:00

Event: HomeStory Cup XXV

VOD

Have the link to the VOD?

Description

Time

  • Played on: June 22, 2024, 7:43 a.m.
  • Length: 10:02

All games in this series

Show
View Real Time Build Order
Export as new Build Order

Kelazhur Terran 

Build Orders: Cyclone Opening 

Get SALT Encoding   

  12  0:00  SCV  
  13  0:12  SCV  
  14  0:16  Supply Depot  
  14  0:24  SCV  
  15  0:38  SCV  
  15  0:40  Barracks  
  15  0:42  Refinery  
  16  0:50  SCV  
  17  1:02  SCV  
  18  1:14  SCV  
  19  1:26  Marine  
  19  1:27  Orbital Command  
  20  1:38  Command Center  
  20  1:45  Barracks Reactor  
  20  1:51  Supply Depot  
  20  1:53  SCV  
  21  2:02  Factory  
  21  2:05  SCV  
  22  2:17  SCV  
  22  2:20  Marine x2  
  25  2:29  SCV  
  26  2:37  Command Center  
  26  2:41  SCV  
  27  2:48  Cyclone  
  29  2:53  SCV  
  29  2:57  Orbital Command  
  30  3:00  Marine  
  30  3:01  Marine  
  32  3:06  SCV  
  33  3:13  Barracks  
  33  3:18  SCV  
  33  3:19  Marine  
  33  3:20  Marine  
  33  3:26  SCV  
  34  3:30  SCV  
  34  3:31  Factory Tech Lab  
  34  3:37  Marine x2  
  34  3:38  SCV  
  37  3:42  SCV  
  38  3:49  Barracks  
  38  3:50  SCV  
  38  3:51  Orbital Command  
  38  3:54  Siege Tank  
  38  3:55  Marine x2  
  42  3:57  SCV  
  45  4:03  SCV  
  45  4:06  Barracks Tech Lab  
  45  4:07  Refinery  
  45  4:09  SCV  
  47  4:11  Engineering Bay  
  47  4:13  Marine x2  
  47  4:15  SCV  
  50  4:17  SCV  
  50  4:21  SCV  
  50  4:23  Supply Depot  
  52  4:26  Marine  
  52  4:27  Siege Tank, SCV  
  52  4:29  SCV  
  58  4:32  Marine x2  
  58  4:33  SCV, Refinery  
  58  4:36  Refinery  
  61  4:44  SCV, Stimpack  
  62  4:45  Supply Depot  
  62  4:47  SCV x2  
  62  4:48  Marine x2  
  62  4:52  Marine x2  
  68  4:56  SCV  
  69  5:01  Barracks  
  69  5:02  Barracks  
  69  5:07  SCV  
  69  5:08  Supply Depot  
  69  5:11  Terran Infantry Weapons Level 1  
  70  5:14  SCV  
  70  5:16  Marine x3  
  70  5:20  Combat Shield, Marine  
  75  5:22  Starport  
  75  5:23  SCV  
  75  5:28  SCV  
  76  5:29  SCV  
  76  5:31  Factory Reactor  
  76  5:35  SCV, Marine x2  
  77  5:37  Supply Depot  
  77  5:38  Marauder  
  77  5:39  Marauder  
  77  5:40  SCV  
  84  5:43  SCV  
  85  5:50  Armory  
  85  5:51  Orbital Command, Engineering Bay  
  85  5:54  Supply Depot  
  85  5:58  SCV x2  
  85  6:00  Barracks Tech Lab  
  85  6:01  Barracks Reactor  
  85  6:02  Marauder  
  85  6:03  Marine  
  90  6:05  Supply Depot  
  90  6:10  SCV  
  91  6:15  Marine  
  91  6:16  Marauder  
  91  6:17  SCV x2  
  94  6:22  SCV  
  94  6:26  Marauder x2, Factory Reactor, Medivac x2  
  94  6:29  SCV x2  
  94  6:32  Terran Infantry Armor Level 1  
  104  6:37  Supply Depot x2  
  104  6:38  SCV  
  105  6:40  Marauder  
  105  6:41  Marine x2  
  109  6:52  Supply Depot  
  109  6:53  Concussive Shells  
  109  6:58  SCV x3, Marine x3, Marauder, Medivac x2  
  121  7:01  Supply Depot  
  121  7:03  Supply Depot, Marine  
  121  7:04  Marine, Marauder  
  125  7:13  SCV, Widow Mine x2  
  130  7:16  Missile Turret  
  130  7:17  Missile Turret  
  130  7:18  Marine, Missile Turret, Marauder  
  130  7:19  Missile Turret  
  130  7:21  Terran Infantry Weapons Level 2  
  133  7:23  SCV  
  133  7:25  Marauder  
  133  7:26  Marine x2  
  133  7:28  Marine, Marauder  
  141  7:35  Marine  
  142  7:37  Ghost Academy  
  142  7:41  Medivac x2  
  146  7:46  Widow Mine  
  146  7:47  Marine  
  149  7:57  Supply Depot  
  149  7:59  Supply Depot  
  149  8:03  Supply Depot, Marine x2, Marauder x2, Widow Mine  
  149  8:04  Marine  
  149  8:05  Marine, Marauder  
  155  8:08  Widow Mine  
  151  8:14  Viking x2  
  151  8:18  Refinery x2  
  155  8:20  Marine  
  155  8:21  Marine  
  155  8:22  Marine x2  
  155  8:23  SCV x2  
  155  8:24  SCV, Ghost  
  155  8:25  Marine  
  165  8:40  Marine x2  
  165  8:44  Viking x2  
  169  8:51  Command Center  
  169  8:53  Ghost  
  169  8:54  Marine x4  
  175  8:57  Marine  
  175  8:58  Marine  
  175  8:59  Supply Depot  
  175  9:00  Supply Depot  
  174  9:13  Marauder x2  
  174  9:14  Viking  
  174  9:16  Marine  
  136  9:18  Marine  
  136  9:19  Viking  
  136  9:22  Marauder  
  136  9:23  Marine  
  123  9:30  Marine  
  118  9:34  Marine, Marauder  
  118  9:35  Marauder  
  122  9:41  Barracks  
  122  9:43  Barracks  
  122  9:44  Barracks  
Show
View Real Time Build Order
Export as new Build Order

ShoWTimE Protoss - Winner!

Build Orders: 1 Gate Expand, Blink Stalkers, Colossus Rush 

Get SALT Encoding   

  12  0:00  Probe  
  13  0:12  Probe  
  14  0:17  Pylon  
  14  0:24  Probe (Chrono Boost)  
  15  0:36  Gateway, Probe (Chrono Boost)  
  16  0:44  Probe (Chrono Boost)  
  16  0:45  Assimilator  
  17  0:50  Probe  
  18  1:02  Probe  
  19  1:15  Probe  
  20  1:23  Cybernetics Core  
  20  1:32  Nexus  
  20  1:35  Probe  
  21  1:41  Pylon  
  21  1:47  Probe  
  21  1:51  Assimilator  
  22  1:57  Adept (Chrono Boost)  
  22  1:59  Probe  
  25  2:02  Warp Gate  
  25  2:11  Probe  
  26  2:17  Adept (Chrono Boost)  
  28  2:23  Probe  
  28  2:27  Twilight Council  
  29  2:35  Probe  
  30  2:43  Stalker  
  32  2:48  Probe (Chrono Boost)  
  34  2:52  Probe (Chrono Boost)  
  34  2:56  Gateway  
  35  2:59  Probe (Chrono Boost)  
  35  3:00  Blink (Chrono Boost)  
  35  3:03  Probe (Chrono Boost)  
  35  3:04  Probe (Chrono Boost)  
  37  3:12  Probe  
  38  3:14  Probe  
  39  3:24  Probe  
  39  3:26  Probe  
  41  3:32  Robotics Facility  
  39  3:36  Probe  
  39  3:38  Probe, Pylon  
  41  3:48  Nexus  
  41  3:52  Stalker  
  41  3:54  Stalker  
  45  3:57  Probe  
  45  3:58  Probe  
  47  4:02  Pylon  
  47  4:05  Assimilator  
  47  4:07  Assimilator  
  47  4:09  Probe  
  48  4:11  Probe  
  49  4:17  Stalker  
  49  4:18  Observer  
  49  4:20  Stalker  
  49  4:21  Probe  
  49  4:23  Probe  
  56  4:29  Pylon  
  56  4:33  Probe  
  56  4:35  Probe  
  56  4:36  Observer  
  59  4:41  Stalker  
  61  4:46  Probe  
  61  4:47  Stalker, Probe  
  61  4:51  Pylon  
  65  4:57  Robotics Bay  
  65  5:00  Probe x2  
  65  5:01  Probe  
  65  5:03  Shield Battery  
  68  5:07  Forge  
  68  5:13  Probe x2 (Chrono Boost)  
  70  5:17  Probe (Chrono Boost)  
  71  5:24  Probe x2 (Chrono Boost)  
  71  5:26  Probe (Chrono Boost)  
  74  5:29  Probe x2 (Chrono Boost)  
  74  5:31  Probe (Chrono Boost)  
  74  5:32  Charge, Pylon  
  77  5:37  Protoss Ground Weapons Level 1 (Chrono Boost)  
  77  5:39  Probe x2  
  77  5:41  Gateway x2  
  79  5:43  Probe  
  79  5:45  Colossus (Chrono Boost)  
  86  5:50  Extended Thermal Lance  
  86  5:59  Gateway  
  86  6:00  Sentry  
  86  6:01  Pylon  
  86  6:02  Gateway  
  88  6:11  Gateway  
  88  6:12  Gateway  
  88  6:18  Sentry  
  90  6:27  Nexus  
  90  6:29  Colossus (Chrono Boost)  
  90  6:30  Pylon  
  96  6:36  Probe x2  
  96  6:37  Probe  
  99  6:41  Pylon  
  99  6:42  Zealot x3, Sentry  
  107  6:49  Pylon  
  107  6:50  Forge, Pylon  
  107  6:52  Probe x2  
  107  6:53  Probe  
  110  7:03  Zealot x4  
  110  7:08  Colossus (Chrono Boost)  
  118  7:09  Zealot x2  
  118  7:10  Pylon  
  118  7:13  Probe  
  118  7:14  Probe x2  
  131  7:21  Shield Battery  
  130  7:24  Protoss Ground Weapons Level 2 (Chrono Boost)  
  130  7:28  Pylon  
  130  7:30  Probe x3  
  130  7:32  Protoss Ground Armor Level 1 (Chrono Boost)  
  130  7:34  Zealot x4  
  141  7:40  Zealot x3  
  141  7:42  Probe  
  148  7:46  Warp Prism (Chrono Boost)  
  150  7:53  Gateway  
  150  7:54  Probe  
  151  8:03  Pylon  
  147  8:06  Pylon  
  147  8:11  Zealot x8  
  147  8:12  Disruptor (Chrono Boost)  
  155  8:17  Robotics Facility  
  155  8:19  Pylon  
  159  8:22  Gravitic Drive  
  159  8:27  Nexus  
  159  8:38  Zealot x3  
  159  8:39  Zealot x4  
  173  8:43  Zealot  
  173  8:44  Disruptor  
  179  8:55  Zealot  
  181  9:00  Zealot x7  
  195  9:04  Pylon  
  195  9:08  Gateway  
  195  9:09  Gateway  
  163  9:18  Zealot x2  
  157  9:31  Stalker x7  
  157  9:32  Probe  
  166  9:45  Zealot x2  
  170  9:57  Zealot  
  170  9:58  Zealot x6  
Tags
 
Add a new tag
Caveats
  • Supply blocks, unpowered buildings, or Contaminate may cause inaccurate times.
  • Supply counts are checked every 10 seconds.